 Dungeon Crawl Stone Soup version 0.30-a0-800-g7c544603b3 (webtiles) character file.

Game seed: 18317576768077776721

30 NinjaNoafa the Conjurer (level 3, -1/26 HPs)
             Began as a Draconian Conjurer on Feb 22, 2023.
             Succumbed to Sigmund's poison
             ... on level 2 of the Dungeon.
             The game lasted 00:02:55 (715 turns).

NinjaNoafa the Conjurer (Draconian Conjurer)         Turns: 715, Time: 00:02:55

Health: -1/26      AC:  5    Str:  9    XL:     3   Next: 3%
Magic:  6/6        EV: 12    Int: 20    God:
Gold:   112        SH:  0    Dex:  9    Spells: 3/6 levels left

rFire   . . .      SeeInvis .    d - +0 short sword
rCold   . . .      Faith    .    (no shield)
rNeg    . . .      Spirit   .    (body armour unavailable)
rPois   .          Reflect  .    (helmet restricted)
rElec   .          Harm     .    (no cloak)
rCorr   .          Rampage  .    (no gloves)
Will    .....                    (no boots)
Stlth   ++                       (no amulet)
HPRegen 0.24/turn                (no ring)
MPRegen 0.10/turn                (no ring)

@: lethally poisoned (-1 -> -18), hasted, very quick
A: AC +5, unfitting armour, cold-blooded
a: no special abilities


You were on level 2 of the Dungeon.
You visited 1 branch of the dungeon, and saw 2 of its levels.

You collected 112 gold pieces.

Inventory:

Hand Weapons
 d - a +0 short sword (weapon)
Scrolls
 h - a scroll of identify {unknown}
 i - a scroll of enchant weapon {unknown}
Potions
 b - a potion of haste
 c - 2 potions of cancellation {unknown}
 e - a potion of brilliance {unknown}
 f - a potion of flight {unknown}
 g - a potion of curing


   Skills:
 - Level 1.7 Dodging
 + Level 3.2 Stealth
 - Level 2.1 Spellcasting
 - Level 4.1 Conjurations


You had 3 spell levels left.
You knew the following spells:

 Your Spells              Type           Power      Damage    Failure   Level
a - Magic Dart            Conj           72%        1d6       3%          1
b - Searing Ray           Conj           36%        2d5       4%          2

Your spell library contained the following spells:

 Spells                   Type           Power      Damage    Failure   Level
 Dazzling Flash           Conj/Hex       20%        N/A       21%         3
 Fulminant Prism          Conj/Hex       5%         3d7       54%         4
 Iskenderun's Mystic Bla  Conj/Tloc      10%        2d4       54%         4


Dungeon Overview and Level Annotations

Branches:
Dungeon (2/15)

Altars:

Annotations:
D:2 Sigmund


Innate Abilities, Weirdness & Mutations

Your plain brown scales are hard. (AC +5)
You cannot fit into any form of body armour.
You are cold-blooded and may be slowed by cold attacks.


Message History

Casting: Magic Dart (safe; 3% risk of failure)
Confirm with . or Enter, or press ? or * to list all spells.
Aiming: Searing Ray (safe; 4% risk of failure)
Press: ? - help, Shift-Dir - straight line, f - kobold
Aim: a kobold, wielding a +0 whip and quivering stones (72% to hit)
The searing ray misses the kobold. (Press . to maintain the ray.) Sigmund laughs darkly.
A worm comes into view.
The searing ray hits the kobold!
You kill the kobold!
Sigmund casts a spell at you. The magic dart hits you.
* * * LOW HITPOINT WARNING * * *
Things that are here:
a +0 whip; 3 stones; a kobold corpse Magic courses through your body.
Sigmund gestures at you while chanting.
You are confused.
You're too confused to cast spells.
Unknown command.
It was a potion of curing.
You feel better. Sigmund hits you but does no damage.
You are poisoned.
You feel very sick.
Sigmund points at you and mumbles some strange words.
You resist with significant effort.
Casting: Searing Ray (safe; 4% risk of failure)
Confirm with . or Enter, or press ? or * to list all spells.
Aiming: Magic Dart (safe; 3% risk of failure)
Press: ? - help, Shift-Dir - straight line, f - Sigmund
Aim: Sigmund, wielding a +2 scythe of venom and wearing a +2 robe (fast, 100% to hit)
Okay, then.
You feel yourself speed up.
You feel sick.
Sigmund hits you from afar with a +2 scythe of venom!
* * * LOW HITPOINT WARNING * * *
You are more poisoned.
* * * LOW HITPOINT WARNING * * *
You feel very sick.
You die...

### #.#### #.@..#
#)##.#
#.##@#########
#l##.##......#
#######.##.....###.#
..........###..# #.#
#.......#.# #..# #.#
#.##@...#.# #..###.#
......#.# #......#
#.......#. #.######
.w.###..#. ..K.


There were no monsters in sight!

Vanquished Creatures
  A gnoll (D:1)
  An adder (D:2)
  An endoplasm (D:1)
  A giant cockroach (D:1)
  A hobgoblin (D:1)
  A jackal (D:1)
  A bat (D:1)
  A frilled lizard (D:1)
  4 kobolds
12 creatures vanquished.

Notes
Turn   | Place    | Note
-------+----------+-------------------------------------------
     0 | D:1      | NinjaNoafa the Draconian Conjurer began the quest for the
                  | Orb.
     0 | D:1      | Reached XP level 1. HP: 14/14 MP: 3/3
   458 | D:1      | Reached XP level 2. HP: 19/20 MP: 0/5
   461 | D:1      | Learned a level 2 spell: Searing Ray
   676 | D:2      | Reached XP level 3. HP: 15/26 MP: 0/6
   689 | D:2      | Noticed Sigmund
   715 | D:2      | Succumbed to Sigmund's poison

Illustrated notes

Levels and vault maps discovered:
D:1:      dpeg_arrival_radiant, layout_basic, minmay_cut_off
D:2:      layout_basic, uniq_sigmund

Skill      XL: |  1  2 |
---------------+-------+-----
Stealth        | 2 3 |  3.2
Dodging        | |  1.7
Spellcasting   | |  2.1
Conjurations   | |  4.1

Action                     || total
---------------------------++-------
  Melee: Unarmed           ||    10
         Short sword       ||    15
         Tailslap          ||     4
   Cast: Magic Dart        ||    18
         Searing Ray       ||     3
    Use: Potion            ||     3
 Armour: Skin              ||    22
  Dodge: Dodged            ||    46

Table legend: (Time is in decaauts)
 A = Elapsed time spent in this place.
 B = Non-inter-level travel time spent in this place.
 C = Inter-level travel time spent in this place.
 D = Time resting spent in this place.
 E = Time spent auto-exploring this place.
 F = Levels seen in this place.
 G = Mean time per level.
                   A        B        C        D        E       F      G
               +--------+--------+--------+--------+--------+-----+--------+
         Total |    714 |    615 |     99 |      0 |     68 |   2 |  357.0 |
       Dungeon |    714 |    615 |     99 |      0 |     68 |   2 |  357.0 |
               +--------+--------+--------+--------+--------+-----+--------+

Top non-repeatable levels by time:
     D:1: 663 daAuts
     D:2: 50 daAuts
